[Event "IMSA Rapid Men 2019"]
[Site "Hengshui"]
[Date "2019.05.14"]
[Round "2.8"]
[White "Mamedov, Rauf"]
[Black "Jones, Gawain C B"]
[Result "1/2-1/2"]
[ECO "B50"]
[WhiteElo "2650"]
[BlackElo "2702"]
[Annotator "RC"]
[PlyCount "114"]
[EventDate "2019.05.14"]
[EventType "rapid"]
[EventCountry "CHN"]
[SourceTitle "playchess.com"]
[Source "ChessBase"]
[SourceQuality "1"]
[TimeControl "900+10"]

1. e4 c5 2. Nf3 d6 3. Nc3 Nf6 4. e5 dxe5 5. Nxe5 a6 6. g3 Nbd7 7. Nc4 b5 8. Bg2 Rb8 9. Ne3 e6 10. O-O Bd6 11. a4 O-O 12. axb5 axb5 13. b3 Be5 14. Bb2 Bd4 15. Qe2 Qb6 16. Ra2 Bb7 17. Rfa1 Bxg2 18. Nxg2 Ne5 19. Ne4 Bxb2 20. Nxf6+ gxf6 21. Rxb2 Rfd8 22. d3 Qc6 23. Ne1 b4 24. Rba2 Qd5 25. Qe3 Nc6 26. Nf3 Kg7 27. Qf4 h5 28. Ra6 Rbc8 29. R1a2 Rd7 30. Rb6 Rcc7 31. Raa6 Nd4 32. Nxd4 cxd4 33. Rb8 Ra7 34. Rxa7 Rxa7 35. Qe4 Qc5 36. Kg2 Ra2 37. Rd8 e5 38. Qf3 Qc7 39. Rd5 Qc6 40. g4 hxg4 41. Qxg4+ Kf8 42. Qf3 Rxc2 43. h4 Ke7 44. h5 Ke6 45. Rd8 Qxf3+ 46. Kxf3 Kf5 47. Rg8 Rc3 48. Kg2 e4 49. h6 exd3 50. h7 d2 51. h8=Q d1=Q 52. Qh7+ Kf4 53. Qh4+ Kf5 54. Qh7+ Kf4 55. Qh4+ Kf5 56. Qh7+ Kf4 57. Qh4+ Kf5 1/2-1/2

[Event "IMSA Rapid Men 2019"]
[Site "Hengshui"]
[Date "2019.05.14"]
[Round "3.1"]
[White "Dominguez Perez, Leinier"]
[Black "Fedoseev, Vladimir"]
[Result "1/2-1/2"]
[ECO "C54"]
[WhiteElo "2750"]
[BlackElo "2683"]
[Annotator "RC"]
[PlyCount "149"]
[EventDate "2019.05.14"]
[EventType "rapid"]
[EventCountry "CHN"]
[SourceTitle "playchess.com"]
[Source "ChessBase"]
[SourceQuality "1"]
[TimeControl "900+10"]

1. e4 e5 2. Nf3 Nc6 3. Bc4 Bc5 4. c3 Nf6 5. d3 d6 6. Nbd2 a5 7. O-O O-O 8. h3 Be6 9. Bb5 Ba7 10. Re1 Ne7 11. Nf1 c6 12. Ba4 h6 13. Ng3 b5 14. Bc2 c5 15. d4 Qc7 16. Be3 Rac8 17. d5 Bd7 18. a4 c4 19. Nxe5 Bxe3 20. Rxe3 dxe5 21. d6 Qb6 22. dxe7 Rfe8 23. axb5 Rxe7 24. Re2 Bxb5 25. Rd2 Rd7 26. Nf5 Rcd8 27. Ne7+ Kf8 28. Nd5 Nxd5 29. exd5 Bc6 30. Be4 Bxd5 31. Bxd5 Qc5 32. b4 axb4 33. cxb4 Qxb4 34. Ra4 Qb3 35. Rxc4 Qxd1+ 36. Rxd1 Rxd5 37. Rxd5 Rxd5 38. h4 f5 39. g3 Kf7 40. Rc7+ Kg6 41. Rb7 e4 42. Kf1 Rd3 43. Ra7 f4 44. gxf4 Rf3 45. h5+ Kf6 46. Ra6+ Kf5 47. Rg6 e3 48. Ke2 Kxf4 49. fxe3+ Rxe3+ 50. Kf2 Re7 51. Kg2 Rd7 52. Kf2 Ra7 53. Kg2 Rb7 54. Kf2 Ke4 55. Kg2 Ke3 56. Kg3 Ke2 57. Kg2 Re7 58. Rg4 Rf7 59. Re4+ Kd3 60. Rg4 Ke3 61. Rg3+ Ke2 62. Rg6 Rf2+ 63. Kg1 Rf7 64. Kg2 Re7 65. Rg4 Ke3 66. Rg3+ Kf4 67. Rg6 Re2+ 68. Kf1 Re7 69. Kf2 Ra7 70. Kg2 Ra2+ 71. Kh3 Ra5 72. Rxg7 Rxh5+ 73. Kg2 Rg5+ 74. Rxg5 hxg5 75. Kf2 1/2-1/2

[Event "IMSA Rapid Men 2019"]
[Site "Hengshui"]
[Date "2019.05.14"]
[Round "4.2"]
[White "Fedoseev, Vladimir"]
[Black "Vidit, Santosh Gujrathi"]
[Result "1-0"]
[ECO "A48"]
[WhiteElo "2683"]
[BlackElo "2707"]
[Annotator "ChessBase"]
[PlyCount "125"]
[EventDate "2019.05.14"]
[EventType "rapid"]
[EventCountry "CHN"]
[SourceTitle "playchess.com"]
[Source "ChessBase"]
[SourceQuality "1"]
[TimeControl "900+10"]

1. d4 Nf6 2. Nf3 g6 3. b3 Bg7 4. Bb2 d5 5. e3 O-O 6. Be2 c5 7. dxc5 Qa5+ 8. Nbd2 Ne4 9. Bxg7 Kxg7 10. Qc1 Nc6 11. a3 Qxc5 12. Nxe4 dxe4 13. Qb2+ f6 14. Nd2 Qg5 15. g4 Qe5 16. O-O-O Qxb2+ 17. Kxb2 f5 18. gxf5 Bxf5 19. h4 Rad8 20. h5 g5 21. h6+ Kf6 22. Nf1 Rxd1 23. Bxd1 Bg6 24. Ng3 Ne5 25. Kc3 g4 26. Ne2 Rc8+ 27. Kb2 Nf3 28. Nf4 e5 29. Nd5+ Kg5 30. c4 Rf8 31. Kc3 Nh4 32. Rh2 Nf5 33. Bc2 Nxh6 34. Ne7 Nf5 35. Nxg6 Kxg6 36. Bxe4 b6 37. b4 h5 38. c5 bxc5 39. bxc5 Kg5 40. Bxf5 Rxf5 41. Kc4 h4 42. c6 Rf8 43. Kd5 g3 44. fxg3 hxg3 45. Rh1 Kg4 46. c7 g2 47. Rc1 Kf3 48. Kxe5 Kxe3 49. Kd6 Kf2 50. Kd7 Rf7+ 51. Kc6 Rf8 52. Kb7 a5 53. c8=Q Rxc8 54. Kxc8 g1=Q 55. Rxg1 Kxg1 56. Kb7 Kf2 57. Kb6 a4 58. Kb5 Ke3 59. Kxa4 Kd4 60. Kb5 Kd5 61. a4 Kd6 62. Kb6 Kd7 63. Kb7 1-0

[Event "IMSA Rapid Men 2019"]
[Site "Hengshui"]
[Date "2019.05.15"]
[Round "7.1"]
[White "Fedoseev, Vladimir"]
[Black "Korobov, Anton"]
[Result "0-1"]
[ECO "B96"]
[WhiteElo "2683"]
[BlackElo "2687"]
[Annotator "RC"]
[PlyCount "126"]
[EventDate "2019.05.14"]
[EventType "rapid"]
[EventCountry "CHN"]
[SourceTitle "playchess.com"]
[Source "ChessBase"]
[SourceQuality "1"]
[TimeControl "900+10"]

1. e4 c5 2. Nf3 d6 3. d4 cxd4 4. Nxd4 Nf6 5. Nc3 a6 6. Bg5 e6 7. f4 Qc7 8. Bxf6 gxf6 9. Be2 Nc6 10. Qd2 Rg8 11. Bf3 Nxd4 12. Qxd4 Qc5 13. Qd3 Bd7 14. O-O-O O-O-O 15. Kb1 Kb8 16. g3 h5 17. Rhe1 h4 18. gxh4 Bh6 19. Qd2 Bc6 20. Rf1 f5 21. exf5 Bxf3 22. Rxf3 Qxf5 23. Qf2 d5 24. Ne2 Bg7 25. Ng3 Qg4 26. h5 Rc8 27. Rg1 Bd4 28. Qxd4 Qxf3 29. c3 Rg4 30. Rf1 Qg2 31. Rf2 Qg1+ 32. Kc2 Rh4 33. Qd2 d4 34. Qxd4 Rxh2 35. Qe5+ Ka8 36. Rxh2 Qxh2+ 37. Ne2 Rd8 38. c4 Qh3 39. Nd4 Rg8 40. Kd2 Qg2+ 41. Ne2 Qg7 42. Qxg7 Rxg7 43. Ke3 Rg2 44. f5 exf5 45. a4 Kb8 46. Nf4 Rxb2 47. Kd4 f6 48. Kd5 Rf2 49. Ng6 f4 50. Ke4 f3 51. Nf4 Kc7 52. Nd5+ Kc6 53. Nxf6 Rf1 54. Ke3 a5 55. Ne4 Rh1 56. Ng3 Rh4 57. Kxf3 Kc5 58. Ne4+ Kxc4 59. Nf6 b5 60. axb5 Kxb5 61. Kg3 Rh1 62. Kg2 Rd1 63. h6 Rd8 0-1

[Event "IMSA Rapid Men 2019"]
[Site "Hengshui"]
[Date "2019.05.15"]
[Round "8.7"]
[White "Cheparinov, Ivan"]
[Black "Mamedov, Rauf"]
[Result "1/2-1/2"]
[ECO "D02"]
[WhiteElo "2667"]
[BlackElo "2650"]
[Annotator "RC"]
[PlyCount "174"]
[EventDate "2019.05.14"]
[EventType "rapid"]
[EventCountry "CHN"]
[SourceTitle "playchess.com"]
[Source "ChessBase"]
[SourceQuality "1"]
[TimeControl "900+10"]

1. Nf3 d5 2. d4 Nf6 3. c4 e6 4. g3 c5 5. cxd5 exd5 6. Bg2 Nc6 7. O-O Be7 8. dxc5 Bxc5 9. Bg5 O-O 10. Nc3 d4 11. Ne4 Be7 12. Nxf6+ Bxf6 13. Bxf6 Qxf6 14. Rc1 Re8 15. Qd2 Bg4 16. h3 Be6 17. b4 a6 18. Ne1 Rad8 19. Nd3 Bd5 20. Rc5 Bxg2 21. Kxg2 Ne7 22. Qf4 Qe6 23. Qf3 Nd5 24. Re1 h6 25. a3 b6 26. Rcc1 Rc8 27. Nf4 Nxf4+ 28. Qxf4 Rc3 29. Rcd1 Qc6+ 30. Kg1 Re4 31. Qb8+ Kh7 32. Qd8 Qe6 33. Rxd4 Rxe2 34. Rxe2 Qxe2 35. Rd1 Rxa3 36. Qd5 Rf3 37. Rf1 b5 38. h4 Rf6 39. Qd1 Rxf2 40. Qb1+ Qc2 41. Qxc2+ Rxc2 42. Rxf7 Rc4 43. Ra7 Rxb4 44. Rxa6 Rb2 45. h5 b4 46. Rb6 b3 47. Rb7 Kg8 48. Kf1 Kf8 49. Ke1 Rb1+ 50. Kf2 b2 51. Kg2 Ke8 52. Kh2 Kd8 53. Kg2 Kc8 54. Rb3 Kc7 55. Kh2 Kc6 56. Kg2 Kc5 57. Rb8 Kd5 58. Rb7 Ke4 59. Rb4+ Kf5 60. Kh2 Kf6 61. Rb5 Ke6 62. Kg2 Kd6 63. Rb8 Kd5 64. Rb5+ Kc4 65. Rb8 Kd3 66. Rd8+ Ke4 67. Rb8 Kf5 68. Rb5+ Kg4 69. Kh2 Kf3 70. Rb3+ Kf2 71. Rb5 Ke3 72. Rb8 Kf3 73. Rb3+ Kf2 74. Rb8 Kf1 75. Rb7 Ke2 76. Kg2 Kd3 77. Rd7+ Kc4 78. Rb7 Kd5 79. Rb5+ Ke4 80. Rb4+ Kd3 81. Rb8 Ke4 82. Rb4+ Kf5 83. Rb5+ Kg4 84. Kh2 Kf3 85. Rb3+ Kf2 86. Rb5 Kf1 87. Rb8 Ke2 1/2-1/2

[Event "IMSA Rapid Men 2019"]
[Site "Hengshui"]
[Date "2019.05.16"]
[Round "10.3"]
[White "Yu, Yangyi"]
[Black "Dominguez Perez, Leinier"]
[Result "0-1"]
[ECO "D35"]
[WhiteElo "2739"]
[BlackElo "2750"]
[Annotator "RC"]
[PlyCount "92"]
[EventDate "2019.05.14"]
[EventType "rapid"]
[EventCountry "CHN"]
[SourceTitle "playchess.com"]
[Source "ChessBase"]
[SourceQuality "1"]
[TimeControl "900+10"]

1. d4 Nf6 2. c4 e6 3. Nc3 d5 4. cxd5 Nxd5 5. e4 Nxc3 6. bxc3 c5 7. a3 g6 8. Nf3 Bg7 9. Be2 O-O 10. O-O cxd4 11. cxd4 Nc6 12. Bg5 Qd6 13. e5 Qd5 14. Rc1 h6 15. Be3 Rd8 16. Bc4 Qa5 17. Qb3 Ne7 18. Bd2 Qb6 19. Qa2 Bd7 20. Bb4 Nc6 21. Bc5 Qa5 22. Bd6 Rdc8 23. d5 exd5 24. Bxd5 Nd8 25. Nd4 Rxc1 26. Rxc1 Rc8 27. Rd1 Ba4 28. Bb3 Bxb3 29. Nxb3 Qa4 30. h3 Ne6 31. Qb1 b6 32. Qb2 Qe4 33. Nd2 Qe2 34. Rc1 Rxc1+ 35. Qxc1 Bxe5 36. Bxe5 Qxe5 37. Nf3 Qf4 38. Qc6 Kg7 39. g3 Qc7 40. Qa4 a5 41. h4 Qc5 42. Qb3 h5 43. Qb2+ Kg8 44. a4 Qc6 45. Ne5 Qxa4 46. Qxb6 Qa1+ 0-1